cohdb
Replays
Latest Replays
All Replays
Popular Replays
Top Player Replays
Match Explorer
How It Works
Community
CoH3 Stats
Reddit
Sign in to upload your games and track your stats! →
Sign in with Steam
Match 25735448
Unlisted
Match 25735448
Overview
Messages
Build Orders
End
Selects Italian Combined Arms Battlegroup
Selects Bersaglieri Squad
Bersaglieri Squad
Kradschützen Motorcycle Team
Bersaglieri Squad
Bersaglieri Squad
Construct Light Support Kompanie
Selects Bersaglieri Bolster
Bersaglieri Squad
Bersaglieri Squad
Fire Support Elements
Selects Breda Model 30 Light Machine Guns
le.IG 18 Mechanized Group
Flakvierling Half-track
Pak 38 Anti-tank Gun Team
cayemr
Pablo12GR
SneaKerz
gb_gbg
0
0
Comments
sign in to comment!
No comments posted yet!